[Event "Team 45 45 League T26"]
[Site "Free Internet Chess Server"]
[Date "2005.04.21"]
[Round "6"]
[White "couv"]
[Black "JayH"]
[Result "0-1"]
[WhiteElo "1551"]
[BlackElo "1391"]
[TimeControl "2700+45"]

1. e4 e5 2. d4 Nf6 3. dxe5 Nxe4 4. Qe2 Nc5 5. Be3 a6 6. Nc3 c6 7. Qc4 b5 8. Qf4 Ne6 9. Qg3 Qa5 10. O-O-O b4 11. Ne4 Qxa2 12. Nf3 Qa1+ 13. Kd2 Qxb2 14. Bc4 b3 15. Bxb3 Qa3 16. Bxe6 dxe6 17. Ke2 a5 18. Nfd2 Ba6+ 19. c4 Qa2 20. Nd6+ Bxd6 21. exd6 Bxc4+ 22. Kf3 Bd5+ 23. Ne4 Qc2 24. Rxd5 cxd5 25. Qxg7 Qxe4+ 26. Kg3 Rf8 27. Rc1 Nd7 28. Qg5 Qe5+ 29. Bf4 Qxg5+ 30. Bxg5 Rg8 31. Kh4 f6 32. Bf4 f5 33. Bg5 Rg6 34. Be7 Rb8 35. Rc7 Nf6 36. Bxf6 Rxf6 37. Rxh7 Rd8 38. Kg5 Rf7 39. Rh8+ Rf8 40. Rh6 Rxd6   {White resigns} 0-1

[Event "Team 45 45 League T26"]
[Site "Free Internet Chess Server"]
[Date "2005.04.23"]
[Round "6"]
[White "manyhorses"]
[Black "Lamtarra"]
[Result "0-1"]
[WhiteElo "1294"]
[BlackElo "1598"]
[TimeControl "2700+45"]

1. e4 d6 2. d4 Nf6 3. Nc3 g6 4. e5 Nfd7 5. exd6 cxd6 6. Nf3 Bg7 7. Bc4 O-O 8. O-O Nf6 9. Ng5 Nc6 10. Nxf7 Rxf7 11. Bxf7+ Kxf7 12. Qe2 Kg8 13. Qc4+ Kh8 14. Qf7 Qf8 15. Qxf8+ Bxf8 16. Bg5 Nxd4 17. Rac1 Bg7 18. Rfe1 e5 19. f4 Nd7 20. Nd5 exf4 21. Re8+ Nf8 22. Bf6 Bd7 23. Rxa8 Ne2+ 24. Kf1 Nxc1 25. Bxg7+ Kxg7 26. Nxf4 Nxa2 27. Rxa7 Nb4 28. Rxb7 Nxc2 29. g4 g5 30. Nh5+ Kg6 31. Rb6 Bxg4 32. Rxd6+ Kxh5 33. Kg2 Ne3+ 34. Kf2 Nc4 35. Rd8 Ne6 36. Rd3 Nxb2 37. Rg3 Nd1+ 38. Kg2 Nf4+ 39. Kg1 Ne2+ 40. Kg2 Nxg3 41. hxg3 Ne3+ 42. Kf2 Nf5 43. Kg2 Kg6 44. Kh2 h5 45. Kg2 Ne3+ 46. Kh2 Kf5 47. Kg1 Ke4 48. Kf2 Nf5 49. Kg2 Bf3+ 50. Kh3 Bg4+ 51. Kg2 h4 52. gxh4 Nxh4+ 53. Kg3 Kf5 54. Kh2 Ng6 55. Kg3 Bh5 56. Kh3 g4+ 57. Kg3 Ne5 58. Kh4 Bg6   {White resigns} 0-1

[Event "Team 45 45 League T26"]
[Site "Free Internet Chess Server"]
[Date "2005.04.26"]
[Round "6"]
[White "Triplea"]
[Black "TStrobaugh"]
[Result "0-1"]
[WhiteElo "1224"]
[BlackElo "1418"]
[TimeControl "2700+45"]

1. e4 c6 2. Nf3 d5 3. exd5 cxd5 4. d4 Bg4 5. Be2 e6 6. c4 Nf6 7. Bg5 Nbd7 8. Nc3 Be7 9. cxd5 Nxd5 10. Qd2 O-O 11. Nxd5 exd5 12. Ne5 Bxe2 13. Qxe2 Bxg5 14. Nxd7 Qxd7 15. Rd1 Rae8 16. Qxe8 Rxe8+ 17. Kf1 Qb5+ 18. Kg1 Qe2   {White resigns} 0-1

[Event "Team 45 45 League T26"]
[Site "Free Internet Chess Server"]
[Date "2005.04.23"]
[Round "6"]
[White "hotjazz"]
[Black "jerryrab"]
[Result "1-0"]
[WhiteElo "1416"]
[BlackElo "1290"]
[TimeControl "2700+45"]

1. e4 d6 2. Nc3 g6 3. d4 Bg7 4. Bf4 a6 5. Nge2 Nf6 6. h3 Nc6 7. Qd2 b5 8. Ng3 b4 9. Nce2 a5 10. d5 Ne5 11. Nd4 Bb7 12. Bb5+ Nfd7 13. O-O O-O 14. a3 Ba6 15. axb4 Bxb5 16. Nxb5 Nc4 17. Qe1 Nxb2 18. bxa5 Nc4 19. Ra2 Rxa5 20. Rxa5 Nxa5 21. Qxa5 Nb6 22. Qd2 Nc4 23. Qd3 Ne5 24. Qd2 Nc4 25. Qb4 Ne5 26. c4 c6 27. dxc6 Nd3 28. Qd2 Nxf4 29. Qxf4 Be5 30. Qg4 e6 31. f4 Qb6+ 32. Kh1 Bg7 33. f5 h5 34. Qg5 f6 35. Qxg6 e5 36. Nxh5 Rf7 37. Nxd6 Re7 38. Nxf6+ Kf8 39. Nd5 Qxc6 40. Nxe7 Kxe7 41. f6+ Bxf6 42. Qxf6+ Kd7 43. c5 Qxc5 44. Qf7+ Kxd6 45. Rd1+ Kc6 46. Qe6+ Kb5 47. Qd7+ Kb4 48. Qb7+ Qb5 49. Rb1+   {Black resigns} 1-0

[Event "Team 45 45 League T26"]
[Site "Free Internet Chess Server"]
[Date "2005.04.25"]
[Round "6"]
[White "EyeAm"]
[Black "chesstalker"]
[Result "1/2-1/2"]
[WhiteElo "1267"]
[BlackElo "1371"]
[TimeControl "2700+45"]

1. e4 e5 2. Nf3 Nc6 3. Bc4 Bc5 4. c3 d6 5. d4 Bb6 6. dxe5 dxe5 7. Qxd8+ Kxd8 8. Bxf7 Nf6 9. Bg5 Ke7 10. Bd5 h6 11. Bh4 g5 12. Bg3 Ng4 13. O-O Rd8 14. Na3 Rd7 15. Bxc6 bxc6 16. Nc4 Bc5 17. b4 Bd6 18. Nxd6 cxd6 19. Rfe1 a5 20. a4 Bb7 21. Nd2 Nf6 22. f3 c5 23. b5 Nh5 24. Bf2 Nf4 25. Re3 d5 26. g3 Nh3+ 27. Kg2 Nxf2 28. Kxf2 d4 29. Rd3 Rf8 30. Nc4 Ke6 31. Ke2 Rg7 32. Rf1 h5   {Game drawn by mutual agreement} 1/2-1/2

[Event "Team 45 45 League T26"]
[Site "Free Internet Chess Server"]
[Date "2005.04.22"]
[Round "6"]
[White "manyhorses"]
[Black "blkmagic"]
[Result "0-1"]
[WhiteElo "1310"]
[BlackElo "1098"]
[TimeControl "2700+45"]

1. e4 e5 2. d4 d6 3. dxe5 dxe5 4. Qxd8+ Kxd8 5. Bg5+ f6 6. Be3 Nc6 7. Ne2 Bb4+ 8. Nbc3 Bxc3+ 9. Nxc3 Be6 10. O-O-O+ Ke7 11. Bc5+ Kf7 12. Nb5 Nge7 13. Nxc7 Rad8 14. Be2 Bxa2 15. Bh5+ g6 16. Be2 b6 17. Ba3 Rxd1+ 18. Rxd1 Nd4 19. Bd3 Rc8 20. Nb5 Nb3#   {White checkmated} 0-1

[Event "Team 45 45 League T26"]
[Site "Free Internet Chess Server"]
[Date "2005.04.23"]
[Round "6"]
[White "Pawns"]
[Black "TGV"]
[Result "0-1"]
[WhiteElo "1778"]
[BlackElo "1730"]
[TimeControl "2700+45"]

1. f4 Nf6 2. Nf3 d5 3. e3 e6 4. b3 Be7 5. Bb2 a6 6. Be2 c5 7. Ne5 Qc7 8. O-O b5 9. g4 h6 10. g5 hxg5 11. fxg5 Nfd7 12. Ng4 Bxg5 13. Bxg7 Rg8 14. Bb2 Bb7 15. Bd3 f5 16. Qf3 d4 17. e4 Bf4 18. Qxf4 Rxg4+   {White resigns} 0-1

[Event "Team 45 45 League T26"]
[Site "Free Internet Chess Server"]
[Date "2005.04.23"]
[Round "6"]
[White "MGoo"]
[Black "CelticDeath"]
[Result "1-0"]
[WhiteElo "1794"]
[BlackElo "1708"]
[TimeControl "2700+45"]

1. d4 d5 2. c4 Nc6 3. Nc3 dxc4 4. Nf3 Bg4 5. d5 Bxf3 6. exf3 Ne5 7. Bf4 Ng6 8. Bxc4 Nxf4 9. Bb5+ c6 10. dxc6 a6 11. c7+ axb5 12. cxd8=Q+ Rxd8 13. Qb3 Nd3+ 14. Kf1 b4 15. Nd5 Nc5 16. Rd1 Rd7 17. Qc2 e6 18. Nxb4 Nf6 19. Nd3 b6 20. Nxc5 Rxd1+ 21. Qxd1 Bxc5 22. Qa4+ Ke7 23. Ke2 Rd8 24. b4 Rd4 25. Qa7+ Rd7 26. Qa3 Bd6 27. Qb3 Nd5 28. Rd1 Rc7 29. Kf1 b5 30. a3 Rc3 31. Qb2 Be5 32. Qe2 Kf6 33. Qxb5 Rxa3 34. Rxd5 exd5 35. Qc6+ Ke7 36. g3 d4 37. Qe4 Kd6 38. f4 Bf6 39. b5 Rc3 40. b6 d3 41. Qb4+ Kc6 42. b7 Rc1+ 43. Kg2 Bc3 44. b8=Q Bxb4 45. Qc8+ Kd5 46. Qxc1 d2 47. Qc2 Kd4 48. Kf3 g6 49. Kg4 h6 50. f5 g5 51. Kh5   {Black resigns} 1-0

[Event "Team 45 45 League T26"]
[Site "Free Internet Chess Server"]
[Date "2005.04.23"]
[Round "6"]
[White "DesparateDan"]
[Black "Galleta"]
[Result "1-0"]
[WhiteElo "1683"]
[BlackElo "1595"]
[TimeControl "2700+45"]

1. e4 d6 2. d4 Nf6 3. Nc3 c6 4. f4 Bg4 5. Nf3 g6 6. Be2 Bg7 7. h3 Bxf3 8. Bxf3 d5 9. e5 Nfd7 10. Be3 e6 11. Qd2 Nb6 12. b3 N8d7 13. g4 f5 14. gxf5 exf5 15. h4 Qe7 16. h5 O-O-O 17. Ne2 Qa3 18. Kf2 Rdg8 19. Qd1 Bf8 20. Bc1 Qe7 21. a4 h6 22. a5 Na8 23. a6 b6 24. c4 Nc7 25. cxd5 cxd5 26. Qc2 Nb8 27. Bxd5 Rg7 28. Bb7+ Kd8 29. Be3 gxh5 30. Qxf5 Qe6 31. Qxh5 Rhg8 32. f5 Qxb3 33. Qh4+ Ke8 34. Rac1 Qf7 35. f6 Rg4 36. Qh3 Kd8 37. Rhg1 Qe6 38. Rxg4 Qxg4 39. Qxg4 Rxg4 40. Rh1 Nbxa6 41. Bxh6 Rg8 42. Bxf8 Rxf8 43. Rh7 Nb8 44. Nf4 a5 45. Ng6 Ne6 46. Nxf8 Nxf8 47. Rh8 Ke8 48. Bd5 Na6 49. e6 Nc7 50. Bc6+   {Black resigns} 1-0

[Event "Team 45 45 League T26"]
[Site "Free Internet Chess Server"]
[Date "2005.04.26"]
[Round "6"]
[White "Pieris"]
[Black "Holyphant"]
[Result "0-1"]
[WhiteElo "1623"]
[BlackElo "1683"]
[TimeControl "2700+45"]

1. e4 c5 2. Nf3 d6 3. d4 cxd4 4. Nxd4 Nf6 5. Nc3 g6 6. Bg5 Bg7 7. f4 Qb6 8. Nb3 Nc6 9. Bxf6 Bxf6 10. Nd5 Qd8 11. Nxf6+ exf6 12. Qd2 O-O 13. O-O-O Qb6 14. Qxd6 Qe3+ 15. Nd2 Bg4 16. Bb5 Bxd1 17. Rxd1 Rfd8 18. Qxf6 Rd4 19. Bxc6 bxc6 20. Qxc6 Rad8 21. Qc7 Rxd2   {White resigns} 0-1

[Event "Team 45 45 League T26"]
[Site "Free Internet Chess Server"]
[Date "PST.04.0"]
[Round "6"]
[White "Valiantangel"]
[Black "geolas"]
[Result "0-1"]
[WhiteElo "1853"]
[BlackElo "1826"]
[TimeControl "2700+45"]

1. d4 Nf6 2. c4 c5 3. d5 e6 4. Nc3 exd5 5. cxd5 d6 6. Nf3 g6 7. Bg5 Bg7 8. e4 h6 9. Bh4 O-O 10. Be2 Qa5 11. O-O Nh5 12. Be7 Rd8 13. Bxd8 Qxd8 14. Qd2 Nd7 15. a4 a6 16. a5 b5 17. axb6 Nxb6 18. h3 Qf6 19. Nh2 Nf4 20. Bg4 h5 21. Bxc8 Qg5 22. Bg4 Nxh3+   {White resigns} 0-1

[Event "Team 45 45 League T26"]
[Site "Free Internet Chess Server"]
[Date "2005.04.23"]
[Round "6"]
[White "sostoned"]
[Black "midoekram"]
[Result "1-0"]
[WhiteElo "1734"]
[BlackElo "1714"]
[TimeControl "2700+45"]

1. Nf3 d5 2. c4 d4 3. e3 c5 4. exd4 cxd4 5. b4 Bg4 6. h3 Bh5 7. Qa4+ Nd7 8. Nxd4 e5 9. Be2 Bg6 10. Nf3 f6 11. O-O Nh6 12. Re1 Be7 13. d4 Nf7 14. d5 O-O 15. Nh4 Qb6 16. Nxg6 hxg6 17. Qxd7 Bxb4 18. Bd2 Bc5 19. Rf1 Nd6 20. Nc3 Qb2 21. Na4 Qxd2 22. Nxc5 Rad8 23. Qe6+ Kh7 24. Qg4 f5 25. Qf3 e4 26. Qe3 Qxe3 27. fxe3 Rc8 28. Ne6 Rfe8 29. Rfc1 a6 30. c5 Nf7 31. Rab1 Nd8 32. Nxd8 Rexd8 33. d6 Rc6 34. Rxb7 Rdc8 35. d7 Rd8 36. Rc4 Kg8 37. Bd1 Kf7 38. Ba4 Rf6 39. c6 Rd6 40. Rd4 Rxd4 41. exd4 Ke7 42. c7   {Black resigns} 1-0

[Event "Team 45 45 League T26"]
[Site "Free Internet Chess Server"]
[Date "2005.04.21"]
[Round "6"]
[White "kballoloco"]
[Black "pioneerknight"]
[Result "1/2-1/2"]
[WhiteElo "1640"]
[BlackElo "1716"]
[TimeControl "2700+45"]

1. d4 d6 2. e4 g6 3. Nf3 Bg7 4. c3 Nf6 5. Bd3 O-O 6. O-O Bg4 7. Nbd2 e5 8. Qb3 Bc8 9. dxe5 dxe5 10. Nxe5 Nxe4 11. Bxe4 Bxe5 12. Nf3 Nd7 13. Nxe5 Nxe5 14. Bf4 Qf6 15. Bg3 c6 16. Rae1 Be6 17. Qxb7 Bc4 18. Bxe5 Qxe5 19. Bd3 Qd5 20. Bxc4 Qxc4 21. Qb3 Qxb3 22. axb3 c5 23. Ra1 Rfb8 24. Ra3 Rb7 25. f3 Rab8 26. Rf2 Kg7 27. Ra5 Rxb3 28. Rxa7 Rxb2 29. Rxb2 Rxb2 30. Rc7 Rc2 31. Rxc5 h6 32. Rc8 g5 33. c4 Kg6 34. c5 Kf5 35. c6 Ke5 36. c7 Kd6 37. Rh8 Rxc7 38. Rxh6+ Ke5 39. h3 f5 40. Rg6 Kf4 41. Kh2 Rc2 42. Ra6 Ke3 43. Ra1 Kf2 44. Rb1 Ke3 45. Ra1 Kf4 46. Ra4+ Ke5 47. Ra5+ Kf4 48. Ra4+ Ke5   {Game drawn by mutual agreement} 1/2-1/2

[Event "Team 45 45 League T26"]
[Site "Free Internet Chess Server"]
[Date "2005.04.22"]
[Round "6"]
[White "KymF"]
[Black "RussoTuristo"]
[Result "1/2-1/2"]
[WhiteElo "2070"]
[BlackElo "1898"]
[TimeControl "2700+45"]

1. d4 d6 2. c4 g6 3. e4 Bg7 4. Nc3 Nc6 5. Nge2 e5 6. Be3 exd4 7. Nxd4 Nge7 8. h4 h6 9. Be2 a6 10. Qd2 Nxd4 11. Bxd4 O-O 12. Bxg7 Kxg7 13. g4 Be6 14. f4 f6 15. O-O-O b5 16. g5 Bxc4 17. h5 Bxe2 18. gxh6+ Kh7 19. Qxe2 g5 20. Qd3 Kxh6 21. Nd5 Nxd5 22. exd5 Rg8 23. Rde1 Qd7 24. Re6 Qf7 25. Qf5 Raf8 26. Rhe1 Rg7 27. Re7 Qg8 28. Rxg7 Qxg7 29. Re7 Qg8 30. Rxc7 g4 31. Rc2 g3 32. Rg2 Qg7 33. a3 Rg8 34. Qe6 Qf8 35. Kb1 Rg7 36. Ka2 a5 37. Qf5 Qf7 38. b3   {Game drawn by mutual agreement} 1/2-1/2

[Event "Team 45 45 League T26"]
[Site "Free Internet Chess Server"]
[Date "2005.04.30"]
[Round "6"]
[White "wester"]
[Black "mandragora"]
[Result "0-1"]
[WhiteElo "1894"]
[BlackElo "1774"]
[TimeControl "2700+45"]

1. e4 e5 2. Nf3 Nc6 3. Bb5 a6 4. Ba4 Nf6 5. O-O Nxe4 6. d4 b5 7. Bb3 d5 8. dxe5 Be6 9. Nbd2 Nc5 10. c3 d4 11. Ng5 Qxg5 12. Qf3 O-O-O 13. Bxe6+ fxe6 14. Qxc6 Qxe5 15. b4 Qd5 16. Qxd5 exd5 17. bxc5 dxc3 18. Nb3 d4 19. Ba3 g6 20. Bb4 Bg7 21. Rac1 Rhe8 22. f4 d3 23. Bxc3 Bxc3 24. Rxc3 d2 25. Nxd2 Rxd2 26. Rcf3 Rxa2 27. R3f2 Ree2 28. Rxe2 Rxe2 29. f5 gxf5 30. Rxf5 Kd7 31. Kf1 Re7 32. Rf6 Re6 33. Rf7+ Re7 34. Rf6 c6 35. g4 a5 36. h4 a4 37. Rd6+ Kc7 38. g5 Rg7 39. Ke2 a3 40. Rd2 Kb7 41. Kd1 b4 42. Kc2 Ka6 43. Kb3 Kb5 44. Rd4 Kxc5 45. Rxb4 Ra7 46. Rc4+ Kd5 47. Rc2 c5 48. Ra2 c4+ 49. Kc3 Ra4 50. h5 Ke6 51. Ra1 Kf5 52. Rg1 a2 53. Kb2 a1=Q+ 54. Rxa1 Rxa1 55. Kxa1 Kxg5 56. h6 Kxh6 57. Kb2 Kg5 58. Kc3 Kf4 59. Kxc4 h5 60. Kd3 Kf3 61. Kd4 h4 62. Ke5 h3 63. Kf5 h2 64. Kg5 h1=Q 65. Kg6 Qh4 66. Kf7 Qh6 67. Kg8 Kf4 68. Kf7 Kf5 69. Ke7 Qe6+ 70. Kd8 Qf7 71. Kc8 Ke6 72. Kd8 Qd7#   {White checkmated} 0-1

[Event "Team 45 45 League T26"]
[Site "Free Internet Chess Server"]
[Date "2005.04.29"]
[Round "6"]
[White "Pawns"]
[Black "noHz"]
[Result "0-1"]
[WhiteElo "1779"]
[BlackElo "1823"]
[TimeControl "2700+45"]

1. e4 e5 2. Nf3 Nf6 3. Nxe5 d6 4. Nxf7 Kxf7 5. d4 Be7 6. Nc3 Rf8 7. Bc4+ Be6 8. Bxe6+ Kxe6 9. f4 Kf7 10. O-O Kg8 11. Qf3 Nc6 12. Be3 Qd7 13. h3 Rad8 14. d5 Nb4 15. Qe2 Ra8 16. a3 Na6 17. Qc4 Kh8 18. e5 dxe5 19. fxe5 Ng8 20. Rxf8 Bxf8 21. Nb5 Ne7 22. Rd1 Ng6 23. e6 Qd8 24. Nxa7 Bd6 25. Qb5 Qb8 26. c4 Rxa7 27. Bxa7 Qxa7+ 28. Kh1 Qa8 29. b4 b6 30. Rc1 Qc8 31. c5 bxc5 32. bxc5 Nxc5 33. Rxc5 Qf8 34. Rc1 Qf4 35. g3 Qxc1+ 36. Kg2 Qc2+ 37. Kf3 Qc3+ 38. Ke2 Qxa3 39. Qd3 Qxd3+ 40. Kxd3 Bxg3 41. Kd4 Bd6 42. Kc4 Ne7 43. Kd4 g5 44. Ke4 h5 45. Kd4 Kg7   {White resigns} 0-1

[Event "Team 45 45 League T26"]
[Site "Free Internet Chess Server"]
[Date "2005.04.22"]
[Round "6"]
[White "fege"]
[Black "waelag"]
[Result "1/2-1/2"]
[WhiteElo "2096"]
[BlackElo "1928"]
[TimeControl "2700+45"]

1. e4 c5 2. Nc3 Nc6 3. f4 d6 4. Nf3 g6 5. Bc4 Nf6 6. d3 Bg7 7. O-O O-O 8. Qe1 e6 9. f5 exf5 10. Qh4 Nd4 11. Bg5 Be6 12. Nxd4 cxd4 13. Nd5 Bxd5 14. Bxd5 h6 15. Bxf6 Qxf6 16. Qg3 Rac8 17. Rf2 Kh7 18. Raf1 Qe5 19. Qf3 f4 20. Qxf4 Qxf4 21. Rxf4 Rxc2 22. R4f2 Rxf2 23. Rxf2 b6 24. Rxf7 Rxf7 25. Bxf7 Be5 26. g3 Kg7 27. Bc4 Kf6 28. Kf2 Kg7 29. h4 Kf6 30. Kf3 g5 31. Kg4 Kg7 32. hxg5 hxg5 33. Kxg5 Bxg3 34. Kf5 Be5 35. Ke6 Bf4 36. Kd5 Bc1 37. b3 Ba3 38. Kxd4 Kf6 39. Kd5 a5 40. Ba6 Ke7 41. d4 Bb2 42. a4 Bc3 43. e5 dxe5 44. dxe5 Bb4 45. e6 Bc5 46. Bc4 Bb4 47. Kc6 Bc5 48. b4 Bxb4 49. Kxb6 Kd6   {Game drawn by mutual agreement} 1/2-1/2

[Event "Team 45 45 League T26"]
[Site "Free Internet Chess Server"]
[Date "2005.04.23"]
[Round "6"]
[White "Shikamaru"]
[Black "Pilia"]
[Result "1-0"]
[WhiteElo "1959"]
[BlackElo "1968"]
[TimeControl "2700+45"]

1. d4 Nf6 2. Bg5 d5 3. Bxf6 exf6 4. e3 Bf5 5. Bd3 Bxd3 6. Qxd3 c6 7. Nf3 Bd6 8. c4 dxc4 9. Qxc4 O-O 10. O-O Nd7 11. Nc3 Nb6 12. Qb3 Qd7 13. Ne4 Rfe8 14. Nc5 Bxc5 15. dxc5 Nd5 16. Rad1 Qe7 17. Qc2 Qe4 18. Qxe4 Rxe4 19. Nd4 g6 20. Rd3 Re7 21. g4 Kg7 22. Kg2 Rh8 23. h3 h5 24. Rfd1 hxg4 25. hxg4 a6 26. Rb3 Rc8 27. Rh1 Ra8 28. Kf3 Rae8 29. a3 Rd7 30. Rd3 Rde7 31. b4 Re4 32. Rdd1 Nc3 33. Rc1 Nd5 34. Rh2 Nxe3 35. fxe3 Rxe3+ 36. Kf2 R3e4 37. Nf3 Rxg4 38. Rch1 f5 39. Rh7+ Kf6 40. Rd1 Rge4 41. Rd6+ R8e6 42. Rxe6+ Rxe6 43. Rh8 Re7 44. Nd2 f4 45. Kf3 g5 46. Ne4+ Kg7 47. Rd8 f6 48. Rd6 Rf7 49. Re6 Rd7 50. Kg4 f5+ 51. Kxf5 f3 52. Rg6+ Kf8 53. Rf6+ Ke7 54. Nd6 Rd8 55. Rf7#   {Black checkmated} 1-0

[Event "Team 45 45 League T26"]
[Site "Free Internet Chess Server"]
[Date "2005.04.26"]
[Round "6"]
[White "HotDonut"]
[Black "pawelh"]
[Result "0-1"]
[WhiteElo "1862"]
[BlackElo "1842"]
[TimeControl "2700+45"]

1. Nf3 c5 2. g3 d5 3. c4 Nf6 4. Bg2 Nc6 5. cxd5 Nxd5 6. Nc3 g6 7. O-O Bg7 8. Qa4 O-O 9. Nxd5 Qxd5 10. Nh4 Qd4 11. Bxc6 bxc6 12. Qxc6 Bh3 13. Nf3 Qb4 14. a3 Qa5 15. Re1 Rab8 16. d3 Bg4 17. Bd2 Bxf3   {White resigns} 0-1